Rafales vs Knights
(R1)
Created - February 26, 2018 at 23:08
Goals
|
| Rafales |
0 |
2 |
1 |
0 |
2 |
4 |
| Knights |
2 |
1 |
0 |
0 |
0 |
3 |
|
Shots
|
| Rafales |
15 |
10 |
8 |
2 |
2 |
35 |
| Knights |
10 |
15 |
6 |
3 |
2 |
34 |
|
1st period
1. Knights , Jared Spurgeon 3 (Jimmy Hayes 26, Michael Raffl 41) at 16:16
2. Knights , Stefan Matteau 5 (Linden Vey 13, Zach Trotman 14) at 18:30
Penalties :
Connor Murphy (Stf) for Tripping (Minor) at 8:59, Jacob Trouba (Lon) for Holding (Minor) at 12:00, James Marcou (Stf) for High sticking (Minor) at 15:07, Cody Bass (Lon) for Hooking (Minor) at 15:46
2nd period
3. Knights , Kevin Hayes 13 (Tomas Kundratek 11, Jared Spurgeon 23) at 4:20
4. Rafales , Milan Bartovic 13 (Cody McLeod 49, Mike Zigomanis 42) at 10:12 (PP)
5. Rafales , Jarret Stoll 16 (Mike Zigomanis 43, Marc-André Gragnani 17) at 16:39 (PP)
Penalties :
Mike Zigomanis (Stf) for Hooking (Minor) at 0:30, Kevin Hayes (Lon) for Interference (Minor) at 5:13, Jacob Trouba (Lon) for Holding Stick (Minor) at 10:03, Cody McLeod (Stf) for Holding Stick (Minor) at 10:22, Connor Murphy (Stf) for Holding (Minor) at 13:39, Noel Acciari (Lon) for Hooking (Minor) at 15:37
3rd period
6. Rafales , Mark Fayne 3 (Carl Klingberg 14) at 6:53
Penalties :
Kevin Hayes (Lon) for High sticking (Minor) at 4:34, Cody McLeod (Stf) for Hooking (Minor) at 9:06
Overtime #1
No Goal
Penalties :
No Penalty
Shootout
Penalty Shot by Mike Zigomanis for Rafales - Goal!
Penalty Shot by Michael Raffl for Knights - Shot Misses the Net
Penalty Shot by Jarret Stoll for Rafales - Goal!
Penalty Shot by Jimmy Hayes for Knights - Stopped by Leland Irving
Penalties :
No Penalty
Goalie Stats
Leland Irving (Stf), 31 saves from 34 shots - (0.912), W, 3-2-1, 65:00 minutes
Ben Scrivens (Lon), 32 saves from 35 shots - (0.914), OTL, 15-19-4, 65:00 minutes
Players Stats for Rafales
Player Name G A P +/- PIM S H SB GA TA FO MP PP MP PK MP
------------------------------------------------------------------------------------
Akim Aliu 0 0 0 0 0 0 0 0 0 0 0/0 0:00 0:00 0:00
Ben Thomson 0 0 0 0 0 0 0 0 0 0 0/0 0:00 0:00 0:00
Brian Ferlin 0 0 0 0 0 0 1 1 1 0 0/0 10:24 0:00 0:00
Carl Klingberg 0 1 1 0 0 4 2 2 0 0 0/0 9:50 0:00 0:34
Chris Terry 0 0 0 0 0 1 1 0 0 0 0/0 7:59 0:00 0:00
Cody McLeod 0 1 1 -1 4 3 3 2 0 1 1/1 20:27 3:28 2:18
Connor Murphy 0 0 0 -1 4 1 2 1 2 1 0/0 23:20 4:18 2:42
Dylan McIlrath 0 0 0 0 0 1 6 1 0 0 0/0 13:29 0:00 1:17
James Marcou 0 0 0 0 2 1 3 0 0 0 0/0 8:28 0:30 0:00
Jarret Stoll 1 0 1 -1 0 4 2 2 1 0 6/9 22:51 4:09 6:00
Jayson Megna 0 0 0 0 0 0 0 0 0 0 0/0 3:27 0:00 1:17
Julian Melchiori 0 0 0 -1 0 1 2 1 0 0 0/0 26:39 3:17 4:32
Kevin Veilleux 0 0 0 0 0 0 0 0 0 0 0/1 7:59 0:00 0:00
Maksim Mayorov 0 0 0 0 0 0 0 0 0 0 0/0 0:00 0:00 0:00
Marc-André Gragnani 0 1 1 -1 0 1 3 0 0 1 0/0 33:16 4:29 6:34
Mark Fayne 1 0 1 -1 0 5 4 1 0 0 0/0 32:01 4:29 6:01
Michael Bournival 0 0 0 0 0 1 5 0 0 1 0/0 12:27 2:47 0:00
Mike Zigomanis 0 2 2 -2 2 6 5 1 1 0 26/49 25:34 4:59 4:56
Milan Bartovic 1 0 1 -1 0 5 1 0 0 0 1/1 20:18 3:28 2:44
Nathan Davis 0 0 0 0 0 1 3 0 1 0 2/5 9:12 0:00 0:11
Nicklas Jensen 0 0 0 0 0 0 0 0 0 0 0/0 0:00 0:00 0:00
Petr Kalus 0 0 0 0 0 0 0 0 0 0 1/1 2:27 0:09 0:00
Ryan Bourque 0 0 0 0 0 0 0 0 0 0 1/1 5:25 0:00 3:06
Stefan Chaput 0 0 0 0 0 0 0 0 0 0 0/0 0:00 0:00 0:00
Tim Crowder 0 0 0 0 0 0 0 1 1 0 1/1 12:27 2:47 0:00
Players Stats for Knights
Player Name G A P +/- PIM S H SB GA TA FO MP PP MP PK MP
------------------------------------------------------------------------------------
Brendan Gaunce 0 0 0 0 0 1 0 0 0 0 2/3 5:59 0:00 0:00
Cody Bass 0 0 0 0 2 1 1 1 1 0 12/29 22:01 5:59 2:17
Collin Miller 0 0 0 0 0 0 0 2 0 0 0/0 8:30 3:43 1:12
Jaccob Slavin 0 0 0 -1 0 1 0 0 0 0 0/0 13:06 3:43 0:00
Jacob Trouba 0 0 0 1 4 1 2 1 0 3 0/0 18:16 0:00 2:42
Jared Spurgeon 1 1 2 2 0 3 0 3 0 0 0/0 31:35 6:50 3:52
Jimmy Hayes 0 1 1 1 0 8 2 2 0 0 0/2 25:50 5:57 4:20
Jordan Martinook 0 0 0 1 0 0 0 0 0 0 0/0 9:45 0:00 0:00
Kevin Hayes 1 0 1 0 4 3 0 0 3 0 0/0 17:50 4:12 1:12
Linden Vey 0 1 1 1 0 2 0 0 0 2 0/2 11:32 0:16 0:00
Matt Puempel 0 0 0 0 0 2 0 0 0 0 0/1 12:13 0:14 2:17
Michael Matheson 0 0 0 -1 0 0 0 0 0 0 0/0 7:37 0:00 0:00
Michael Raffl 0 1 1 1 0 4 4 1 0 0 11/16 25:31 6:00 4:20
Noel Acciari 0 0 0 0 2 2 0 0 0 1 2/7 15:34 4:18 0:34
Scott Wilson 0 0 0 0 0 0 2 0 0 0 1/1 15:01 4:12 0:32
Stefan Matteau 1 0 1 1 0 1 1 1 0 0 2/7 10:08 0:02 0:00
Tom Wilson 0 0 0 0 0 2 0 0 0 0 0/1 9:25 0:27 0:00
Tomas Kundratek 0 1 1 2 0 3 4 2 0 0 0/0 31:35 6:50 3:52
Zach Trotman 0 1 1 1 0 0 2 1 0 1 0/0 19:19 0:00 3:54
3 Stars
1 - Jared Spurgeon (Lon)
2 - Tomas Kundratek (Lon)
3 - Mark Fayne (Stf)
Power Play
Rafales - 2 on 6 Attempt(s) - 33.33%
Knights - 0 on 6 Attempt(s) - 0.00%
Penalty Kill
Rafales - 6 on 6 Attempt(s) - 100.00%
- Score 0 goal in Penalty Kill
Knights - 4 on 6 Attempt(s) - 66.67%
- Score 0 goal in Penalty Kill
Team Stat
Rafales - Hits : 43 - Faceoff Wins : 39 - Blocked Shots : 13 - Penalty Minutes : 12
Knights - Hits : 18 - Faceoff Wins : 30 - Blocked Shots : 14 - Penalty Minutes : 12
Official
Referees : Pollock Kevin and Devorski Paul
Linesman : Lyle Seitz and Mark Pare
Game Notes
No Game Note
Finance
Level 1 -- Attendance: 1372 (68.60%) -- Ticket Income $41,160
Level 2 -- Attendance: 731 (73.10%) -- Ticket Income $10,965
Total Attendance: 2103 (70.10%)
Total Ticket Income: $52,125
Other Income: $2,606
Total Income: $54,731
Rafales
5 vs 5 Forward
Center Left Wing Right Wing Time % Phy DF OF
1 Mike Zigomanis Cody McLeod Milan Bartovic 40 1 2 2
2 Jarret Stoll Michael Bournival Tim Crowder 30 1 2 2
3 Nathan Davis Carl Klingberg Brian Ferlin 20 1 2 2
4 Kevin Veilleux Chris Terry James Marcou 10 1 2 2
5 vs 5 Defense
Defense Defense Time % Phy DF OF
1 Marc-André Gragnani Mark Fayne 40 1 2 2
2 Julian Melchiori Connor Murphy 30 1 2 2
3 Dylan McIlrath Marc-André Gragnani 20 1 2 2
4 Mark Fayne Julian Melchiori 10 1 2 2
PowerPlay Forward
Center Left Wing Right Wing Time % Phy DF OF
1 Mike Zigomanis Cody McLeod Milan Bartovic 60 1 2 2
2 Jarret Stoll Michael Bournival Tim Crowder 40 1 2 2
PowerPlay Defense
Defense Defense Time % Phy DF OF
1 Marc-André Gragnani Mark Fayne 60 1 2 2
2 Julian Melchiori Connor Murphy 40 1 2 2
Penalty Kill 4 Players Forward
Center Wing Time % Phy DF OF
1 Mike Zigomanis Jarret Stoll 60 1 2 2
2 Cody McLeod Milan Bartovic 40 1 2 2
Penalty Kill 4 Players Defense
Defense Defense Time % Phy DF OF
1 Marc-André Gragnani Mark Fayne 60 1 2 2
2 Julian Melchiori Connor Murphy 40 1 2 2
Penalty Kill - 3 Players Forward
Forward Time % Phy DF OF
1 Mike Zigomanis 60 1 2 2
2 Jarret Stoll 40 1 2 2
Penalty Kill - 3 Players Defense
Defense Defense Time % Phy DF OF
1 Marc-André Gragnani Mark Fayne 60 1 2 2
2 Julian Melchiori Connor Murphy 40 1 2 2
4 vs 4 Forward
Center Wing Time % Phy DF OF
1 Mike Zigomanis Jarret Stoll 60 1 2 2
2 Cody McLeod Milan Bartovic 40 1 2 2
4 vs 4 Defense
Defense Defense Time % Phy DF OF
1 Marc-André Gragnani Mark Fayne 60 1 2 2
2 Julian Melchiori Connor Murphy 40 1 2 2
Last Minutes Offensive
Center Left Wing Right Wing Defense Defense
Mike Zigomanis Cody McLeod Milan Bartovic Marc-André Gragnani Mark Fayne
Last Minutes Defensive
Center Left Wing Right Wing Defense Defense
Mike Zigomanis Cody McLeod Milan Bartovic Marc-André Gragnani Mark Fayne
Goaltenders
Starting : Leland Irving
Backup : Philipp Grubauer
Extra Forwards
Normal : Petr Kalus, Jayson Megna, Ryan Bourque - PP : Petr Kalus, Jayson Megna - PK : Ryan Bourque
Extra Defensemen
Normal : Dylan McIlrath, Connor Murphy, Marc-André Gragnani - PP : Dylan McIlrath - PK : Connor Murphy, Marc-André Gragnani
Penalty Shots
Mike Zigomanis, Jarret Stoll, Cody McLeod, Milan Bartovic, Nathan Davis
Scratches
Ben Sexton (Healthy), Cedric Paquette (Healthy), Ben Johnson (Healthy), Slater Koekkoek (Healthy), Brad Ross (Healthy)
David Broll (Healthy), Dennis Persson (Healthy), Chris Driedger (Healthy)
Knights
5 vs 5 Forward
Center Left Wing Right Wing Time % Phy DF OF
1 Cody Bass Michael Raffl Jimmy Hayes 40 1 2 2
2 Noel Acciari Scott Wilson Kevin Hayes 30 1 2 2
3 Stefan Matteau Jordan Martinook Linden Vey 20 1 2 2
4 Brendan Gaunce Matt Puempel Tom Wilson 10 1 2 2
5 vs 5 Defense
Defense Defense Time % Phy DF OF
1 Jared Spurgeon Tomas Kundratek 40 1 2 2
2 Zach Trotman Jacob Trouba 32 1 2 2
3 Jaccob Slavin Michael Matheson 20 1 2 2
4 Jaccob Slavin Collin Miller 8 1 2 2
PowerPlay Forward
Center Left Wing Right Wing Time % Phy DF OF
1 Cody Bass Michael Raffl Jimmy Hayes 60 1 2 2
2 Noel Acciari Scott Wilson Kevin Hayes 40 1 2 2
PowerPlay Defense
Defense Defense Time % Phy DF OF
1 Jared Spurgeon Tomas Kundratek 60 1 2 2
2 Collin Miller Jaccob Slavin 40 1 2 2
Penalty Kill 4 Players Forward
Center Wing Time % Phy DF OF
1 Michael Raffl Jimmy Hayes 60 1 2 2
2 Cody Bass Kevin Hayes 40 1 2 2
Penalty Kill 4 Players Defense
Defense Defense Time % Phy DF OF
1 Jared Spurgeon Tomas Kundratek 60 1 2 2
2 Zach Trotman Jacob Trouba 40 1 2 2
Penalty Kill - 3 Players Forward
Forward Time % Phy DF OF
1 Michael Raffl 60 1 2 2
2 Jimmy Hayes 40 1 2 2
Penalty Kill - 3 Players Defense
Defense Defense Time % Phy DF OF
1 Jared Spurgeon Zach Trotman 60 1 2 2
2 Jacob Trouba Tomas Kundratek 40 1 2 2
4 vs 4 Forward
Center Wing Time % Phy DF OF
1 Michael Raffl Jimmy Hayes 60 1 2 2
2 Cody Bass Kevin Hayes 40 1 2 2
4 vs 4 Defense
Defense Defense Time % Phy DF OF
1 Jared Spurgeon Tomas Kundratek 60 1 2 2
2 Jacob Trouba Zach Trotman 40 1 2 2
Last Minutes Offensive
Center Left Wing Right Wing Defense Defense
Cody Bass Michael Raffl Jimmy Hayes Jared Spurgeon Tomas Kundratek
Last Minutes Defensive
Center Left Wing Right Wing Defense Defense
Cody Bass Michael Raffl Jimmy Hayes Jared Spurgeon Tomas Kundratek
Goaltenders
Starting : Ben Scrivens
Backup : Magnus Hellberg
Extra Forwards
Normal : Tom Wilson, Jimmy Hayes, Matt Puempel - PP : Tom Wilson, Michael Raffl - PK : Matt Puempel
Extra Defensemen
Normal : Jared Spurgeon, Zach Trotman, Jacob Trouba - PP : Jared Spurgeon - PK : Tomas Kundratek, Jacob Trouba
Penalty Shots
Michael Raffl, Jimmy Hayes, Cody Bass, Kevin Hayes, Linden Vey
Scratches
Alan Quine (Healthy), Jordan Weal (Healthy), David Shields (Healthy), Matthew Benning (Healthy), Matt Grzelcyk (Healthy)
Brett Connolly (Healthy), Travis Boyd (Healthy), Scott Jackson (Healthy), Nikita Nikitin (Healthy), A.J. Jenks (Healthy)
Connor Knapp (Healthy)
% Time on Ice - Rafales
Lines # - Real PCT - Wanted PCT - Time Play
Normal Forward
1 - 32% - 40% - 12:46
2 - 27% - 30% - 10:51
3 - 22% - 20% - 8:44
4 - 20% - 10% - 7:59
Normal Defense
1 - 33% - 40% - 13:22
2 - 34% - 30% - 13:34
3 - 23% - 20% - 9:27
4 - 10% - 10% - 3:57
PP Forward
1 - 64% - 60% - 4:59
2 - 36% - 40% - 2:47
PP Defense
1 - 58% - 60% - 4:29
2 - 42% - 40% - 3:17
PK Forward
1 - 72% - 60% - 7:36
2 - 28% - 40% - 2:57
PK Defense
1 - 57% - 60% - 6:01
2 - 43% - 40% - 4:32
PK3 Forward
1 - 0% - 60%
2 - 0% - 40%
PK3 Defense
1 - 0% - 60%
2 - 0% - 40%
44 Forward
1 - 78% - 60% - 4:57
2 - 22% - 40% - 1:24
44 Defense
1 - 66% - 60% - 4:11
2 - 34% - 40% - 2:10
Last Minute Offensive - 0:00
Last Minute Defensive - 0:00
Total
Forward - 65:00
Defense - 65:00
|
% Time on Ice - Knights
Lines # - Real PCT - Wanted PCT - Time Play
Normal Forward
1 - 32% - 40% - 12:56
2 - 29% - 30% - 11:40
3 - 24% - 20% - 9:45
4 - 15% - 10% - 5:59
Normal Defense
1 - 42% - 40% - 16:52
2 - 35% - 32% - 14:14
3 - 19% - 20% - 7:37
4 - 4% - 8% - 1:37
PP Forward
1 - 59% - 60% - 6:14
2 - 41% - 40% - 4:19
PP Defense
1 - 65% - 60% - 6:50
2 - 35% - 40% - 3:43
PK Forward
1 - 69% - 60% - 5:23
2 - 31% - 40% - 2:23
PK Defense
1 - 50% - 60% - 3:52
2 - 50% - 40% - 3:54
PK3 Forward
1 - 0% - 60%
2 - 0% - 40%
PK3 Defense
1 - 0% - 60%
2 - 0% - 40%
44 Forward
1 - 75% - 60% - 4:46
2 - 25% - 40% - 1:35
44 Defense
1 - 73% - 60% - 4:38
2 - 27% - 40% - 1:43
Last Minute Offensive - 0:00
Last Minute Defensive - 0:00
Total
Forward - 65:00
Defense - 65:00
|
Play by Play
1st period
0:01 of 1st period - Cody Bass wins face-off versus Mike Zigomanis in neutral zone.
0:08 of 1st period - Snap shot by Jimmy Hayes.
0:08 of 1st period - Stopped by Leland Irving without a rebound.
0:09 of 1st period - Mike Zigomanis wins face-off versus Michael Raffl in Rafales zone.
0:16 of 1st period - Snap shot by Mike Zigomanis.
0:16 of 1st period - Shot Blocked by Jimmy Hayes.
0:28 of 1st period - Wrist shot by Cody McLeod.
0:28 of 1st period - Deflect By Mike Zigomanis.
0:28 of 1st period - Stopped by Ben Scrivens with a rebound.
0:34 of 1st period - Wrist shot by Mike Zigomanis.
0:34 of 1st period - Shot Blocked by Jared Spurgeon.
0:36 of 1st period - Snap shot by Milan Bartovic.
0:36 of 1st period - Stopped by Ben Scrivens with a rebound.
0:38 of 1st period - Backhand shot by Marc-André Gragnani.
0:38 of 1st period - Shot Blocked by Michael Raffl.
0:44 of 1st period - Wrist shot by Mike Zigomanis.
0:44 of 1st period - Shot Misses the Net.
0:50 of 1st period - Snap shot by Mike Zigomanis.
0:50 of 1st period - Stopped by Ben Scrivens with a rebound.
0:52 of 1st period - Slapshot by Marc-André Gragnani.
0:52 of 1st period - Stopped by Ben Scrivens with a rebound.
0:54 of 1st period - Slapshot by Mark Fayne.
0:54 of 1st period - Stopped by Ben Scrivens with a rebound.
1:20 of 1st period - Snap shot by Cody McLeod.
1:20 of 1st period - Stopped by Ben Scrivens with a rebound.
1:22 of 1st period - Snap shot by Milan Bartovic.
1:22 of 1st period - Stopped by Ben Scrivens without a rebound.
1:23 of 1st period - Jarret Stoll wins face-off versus Noel Acciari in Knights zone.
2:08 of 1st period - Snap shot by Jaccob Slavin.
2:08 of 1st period - Stopped by Leland Irving with a rebound.
2:10 of 1st period - Slapshot by Jacob Trouba.
2:10 of 1st period - Stopped by Leland Irving with a rebound.
2:57 of 1st period - Jaccob Slavin is hit by Nathan Davis and loses puck.
3:10 of 1st period - Michael Matheson is hit by Dylan McIlrath and loses puck.
3:33 of 1st period - Michael Matheson is hit by Mark Fayne and loses puck.
4:16 of 1st period - Jared Spurgeon is hit by Carl Klingberg and loses puck.
4:45 of 1st period - Zach Trotman is hit by Michael Bournival and loses puck.
4:59 of 1st period - Off-side.
5:00 of 1st period - Noel Acciari wins face-off versus Kevin Veilleux in neutral zone.
5:13 of 1st period - Jared Spurgeon is hit by James Marcou and loses puck.
5:31 of 1st period - Jared Spurgeon is hit by Dylan McIlrath and loses puck.
6:23 of 1st period - Linden Vey is hit by Dylan McIlrath and loses puck.
7:36 of 1st period - Backhand shot by Jarret Stoll.
7:36 of 1st period - Stopped by Ben Scrivens with a rebound.
7:38 of 1st period - Wrist shot by Jarret Stoll.
7:38 of 1st period - Shot Misses the Net.
7:40 of 1st period - Slapshot by Jarret Stoll.
7:40 of 1st period - Deflect By Tomas Kundratek.
7:40 of 1st period - Shot Misses the Net.
7:40 of 1st period - Puck is out of play.
7:41 of 1st period - Cody Bass wins face-off versus Jarret Stoll in Knights zone.
7:41 of 1st period - Cody Bass is hit by Michael Bournival.
7:47 of 1st period - Tim Crowder is hit by Jimmy Hayes and loses puck.
8:13 of 1st period - Snap shot by Nathan Davis.
8:13 of 1st period - Shot Blocked by Collin Miller.
8:15 of 1st period - Wrist shot by Carl Klingberg.
8:15 of 1st period - Stopped by Ben Scrivens without a rebound.
8:16 of 1st period - Mike Zigomanis wins face-off versus Stefan Matteau in Knights zone.
8:19 of 1st period - Wrist shot by Mike Zigomanis.
8:19 of 1st period - Stopped by Ben Scrivens without a rebound.
8:20 of 1st period - Mike Zigomanis wins face-off versus Stefan Matteau in Knights zone.
8:21 of 1st period - Snap shot by Milan Bartovic.
8:21 of 1st period - Stopped by Ben Scrivens without a rebound.
8:22 of 1st period - Stefan Matteau wins face-off versus Mike Zigomanis in Knights zone.
8:22 of 1st period - Stefan Matteau is hit by Mike Zigomanis.
8:57 of 1st period - Wrist shot by Michael Raffl.
8:57 of 1st period - Shot Blocked by Connor Murphy.
8:59 of 1st period - Minor Penalty to Connor Murphy for Tripping.
9:00 of 1st period - Mike Zigomanis wins face-off versus Cody Bass in Rafales zone.
9:11 of 1st period - Wrist shot by Jimmy Hayes.
9:11 of 1st period - Deflect By Michael Raffl.
9:11 of 1st period - Stopped by Leland Irving without a rebound.
9:12 of 1st period - Mike Zigomanis wins face-off versus Cody Bass in Rafales zone.
9:12 of 1st period - Mike Zigomanis is hit by Tomas Kundratek.
9:22 of 1st period - Snap shot by Jarret Stoll.
9:22 of 1st period - Stopped by Ben Scrivens with a rebound.
9:24 of 1st period - Snap shot by Mark Fayne.
9:24 of 1st period - Shot Blocked by Jimmy Hayes.
9:26 of 1st period - Snap shot by Mike Zigomanis.
9:26 of 1st period - Shot Misses the Net.
9:50 of 1st period - Wrist shot by Noel Acciari.
9:50 of 1st period - Shot Misses the Net.
9:52 of 1st period - Slapshot by Tomas Kundratek.
9:52 of 1st period - Shot Blocked by Jarret Stoll.
10:59 of 1st period - Penalty to Connor Murphy is over, Connor Murphy is back on ice.
11:01 of 1st period - Linden Vey is hit by Connor Murphy and loses puck.
12:00 of 1st period - Minor Penalty to Jacob Trouba for Holding.
12:01 of 1st period - Michael Raffl wins face-off versus Mike Zigomanis in Knights zone.
12:01 of 1st period - Michael Raffl is hit by Mike Zigomanis.
12:20 of 1st period - Zach Trotman is hit by Michael Bournival and loses puck.
13:06 of 1st period - Icing by Marc-André Gragnani.
13:07 of 1st period - Jarret Stoll wins face-off versus Matt Puempel in Rafales zone.
13:43 of 1st period - Jarret Stoll is hit by Tomas Kundratek and loses puck.
14:00 of 1st period - Penalty to Jacob Trouba is over, Jacob Trouba is back on ice.
14:43 of 1st period - Noel Acciari is hit by Nathan Davis.
15:07 of 1st period - Minor Penalty to James Marcou for High sticking.
15:08 of 1st period - Mike Zigomanis wins face-off versus Cody Bass in Rafales zone.
15:13 of 1st period - Icing by Michael Raffl.
15:14 of 1st period - Mike Zigomanis wins face-off versus Cody Bass in Knights zone.
15:23 of 1st period - Slapshot by Jimmy Hayes.
15:23 of 1st period - Deflect By Cody Bass.
15:23 of 1st period - Shot Misses the Net.
15:23 of 1st period - Puck is out of play.
15:24 of 1st period - Mike Zigomanis wins face-off versus Cody Bass in Rafales zone.
15:35 of 1st period - Mike Zigomanis is hit by Michael Raffl and loses puck.
15:46 of 1st period - Minor Penalty to Cody Bass for Hooking.
15:47 of 1st period - Mike Zigomanis wins face-off versus Michael Raffl in Knights zone.
15:50 of 1st period - Snap shot by Mike Zigomanis.
15:50 of 1st period - Stopped by Ben Scrivens without a rebound.
15:51 of 1st period - Michael Raffl wins face-off versus Mike Zigomanis in Knights zone.
16:06 of 1st period - Snap shot by Michael Raffl.
16:06 of 1st period - Deflect By Jimmy Hayes.
16:06 of 1st period - Stopped by Leland Irving without a rebound.
16:07 of 1st period - Michael Raffl wins face-off versus Mike Zigomanis in Rafales zone.
16:12 of 1st period - Slapshot by Jared Spurgeon.
16:12 of 1st period - Stopped by Leland Irving without a rebound.
16:13 of 1st period - Michael Raffl wins face-off versus Mike Zigomanis in Rafales zone.
16:14 of 1st period - Snap shot by Jimmy Hayes.
16:14 of 1st period - Stopped by Leland Irving with a rebound.
16:16 of 1st period - Slapshot by Jared Spurgeon.
16:16 of 1st period - Goal by Jared Spurgeon - Rafales : 0 - Knights : 1.
16:17 of 1st period - Michael Raffl wins face-off versus Mike Zigomanis in neutral zone.
17:07 of 1st period - Penalty to James Marcou is over, James Marcou is back on ice.
17:27 of 1st period - Julian Melchiori is hit by Jacob Trouba and loses puck.
17:46 of 1st period - Penalty to Cody Bass is over, Cody Bass is back on ice.
18:16 of 1st period - Snap shot by Carl Klingberg.
18:16 of 1st period - Stopped by Ben Scrivens without a rebound.
18:17 of 1st period - Nathan Davis wins face-off versus Stefan Matteau in Knights zone.
18:30 of 1st period - Wrist shot by Stefan Matteau.
18:30 of 1st period - Goal by Stefan Matteau - Rafales : 0 - Knights : 2.
18:31 of 1st period - Mike Zigomanis wins face-off versus Cody Bass in neutral zone.
18:46 of 1st period - Wrist shot by Jimmy Hayes.
18:46 of 1st period - Stopped by Leland Irving without a rebound.
18:47 of 1st period - Scott Wilson wins face-off versus Jarret Stoll in Rafales zone.
19:02 of 1st period - Wrist shot by Michael Bournival.
19:02 of 1st period - Shot Blocked by Jared Spurgeon.
19:22 of 1st period - Wrist shot by Carl Klingberg.
19:22 of 1st period - Stopped by Ben Scrivens without a rebound.
19:23 of 1st period - Mike Zigomanis wins face-off versus Cody Bass in Knights zone.
Goals for this period are 0 for Rafales vs 2 for Knights.
Shots for this period are 15 for Rafales vs 10 for Knights.
2nd period
0:01 of 2nd period - Cody Bass wins face-off versus Mike Zigomanis in neutral zone.
0:04 of 2nd period - Snap shot by Jared Spurgeon.
0:04 of 2nd period - Deflect By Cody Bass.
0:04 of 2nd period - Stopped by Leland Irving without a rebound.
0:05 of 2nd period - Mike Zigomanis wins face-off versus Cody Bass in Rafales zone.
0:10 of 2nd period - Slapshot by Mark Fayne.
0:10 of 2nd period - Deflect By Tomas Kundratek.
0:10 of 2nd period - Stopped by Ben Scrivens without a rebound.
0:11 of 2nd period - Cody Bass wins face-off versus Mike Zigomanis in Knights zone.
0:13 of 2nd period - Icing by Jared Spurgeon.
0:14 of 2nd period - Mike Zigomanis wins face-off versus Cody Bass in Knights zone.
0:25 of 2nd period - Snap shot by Jimmy Hayes.
0:25 of 2nd period - Stopped by Leland Irving with a rebound.
0:27 of 2nd period - Snap shot by Jimmy Hayes.
0:27 of 2nd period - Stopped by Leland Irving without a rebound.
0:28 of 2nd period - Mike Zigomanis wins face-off versus Cody Bass in Rafales zone.
0:30 of 2nd period - Minor Penalty to Mike Zigomanis for Hooking.
0:31 of 2nd period - Ryan Bourque wins face-off versus Cody Bass in Rafales zone.
0:57 of 2nd period - Marc-André Gragnani is hit by Cody Bass and loses puck.
1:21 of 2nd period - Slapshot by Jared Spurgeon.
1:21 of 2nd period - Shot Blocked by Cody McLeod.
2:30 of 2nd period - Penalty to Mike Zigomanis is over, Mike Zigomanis is back on ice.
2:56 of 2nd period - Linden Vey is hit by Mark Fayne and loses puck.
3:11 of 2nd period - Matt Puempel is hit by Nathan Davis and loses puck.
3:43 of 2nd period - Zach Trotman is hit by Chris Terry and loses puck.
3:56 of 2nd period - Julian Melchiori is hit by Zach Trotman.
4:10 of 2nd period - Wrist shot by Kevin Hayes.
4:10 of 2nd period - Stopped by Leland Irving without a rebound.
4:11 of 2nd period - Noel Acciari wins face-off versus Mike Zigomanis in Rafales zone.
4:12 of 2nd period - Snap shot by Kevin Hayes.
4:12 of 2nd period - Stopped by Leland Irving with a rebound.
4:14 of 2nd period - Slapshot by Tomas Kundratek.
4:14 of 2nd period - Stopped by Leland Irving with a rebound.
4:16 of 2nd period - Wrist shot by Jared Spurgeon.
4:16 of 2nd period - Shot Blocked by Mike Zigomanis.
4:18 of 2nd period - Snap shot by Tomas Kundratek.
4:18 of 2nd period - Stopped by Leland Irving with a rebound.
4:20 of 2nd period - Slapshot by Kevin Hayes.
4:20 of 2nd period - Goal by Kevin Hayes - Rafales : 0 - Knights : 3.
4:21 of 2nd period - Mike Zigomanis wins face-off versus Cody Bass in neutral zone.
4:24 of 2nd period - Snap shot by Milan Bartovic.
4:24 of 2nd period - Deflect By Cody McLeod.
4:24 of 2nd period - Shot Misses the Net.
4:24 of 2nd period - Puck is out of play.
4:25 of 2nd period - Cody Bass wins face-off versus Mike Zigomanis in Knights zone.
4:32 of 2nd period - Snap shot by Michael Raffl.
4:32 of 2nd period - Deflect By Cody Bass.
4:32 of 2nd period - Shot Blocked by Julian Melchiori.
4:32 of 2nd period - Puck is out of play.
4:33 of 2nd period - Mike Zigomanis wins face-off versus Cody Bass in Rafales zone.
4:33 of 2nd period - Mike Zigomanis is hit by Michael Raffl.
4:39 of 2nd period - Jared Spurgeon is hit by Cody McLeod and loses puck.
4:48 of 2nd period - Wrist shot by Milan Bartovic.
4:48 of 2nd period - Shot Misses the Net.
5:13 of 2nd period - Minor Penalty to Kevin Hayes for Interference.
5:14 of 2nd period - Michael Raffl wins face-off versus Mike Zigomanis in Knights zone.
5:27 of 2nd period - Snap shot by Jimmy Hayes.
5:27 of 2nd period - Shot Misses the Net.
5:29 of 2nd period - Snap shot by Michael Raffl.
5:29 of 2nd period - Stopped by Leland Irving without a rebound.
5:30 of 2nd period - Michael Raffl wins face-off versus Mike Zigomanis in Rafales zone.
5:33 of 2nd period - Snap shot by Michael Raffl.
5:33 of 2nd period - Shot Misses the Net.
5:49 of 2nd period - Michael Raffl is hit by Milan Bartovic and loses puck.
7:13 of 2nd period - Penalty to Kevin Hayes is over, Kevin Hayes is back on ice.
7:26 of 2nd period - Snap shot by Linden Vey.
7:26 of 2nd period - Stopped by Leland Irving with a rebound.
7:32 of 2nd period - Jaccob Slavin is hit by Brian Ferlin and loses puck.
8:17 of 2nd period - Snap shot by Linden Vey.
8:17 of 2nd period - Stopped by Leland Irving with a rebound.
8:19 of 2nd period - Snap shot by Linden Vey.
8:19 of 2nd period - Shot Blocked by Brian Ferlin.
8:29 of 2nd period - Jimmy Hayes is hit by Michael Bournival and loses puck.
8:42 of 2nd period - Milan Bartovic is hit by Jacob Trouba and loses puck.
8:47 of 2nd period - Wrist shot by Noel Acciari.
8:47 of 2nd period - Stopped by Leland Irving with a rebound.
9:09 of 2nd period - Slapshot by Mark Fayne.
9:09 of 2nd period - Stopped by Ben Scrivens with a rebound.
10:03 of 2nd period - Minor Penalty to Jacob Trouba for Holding Stick.
10:04 of 2nd period - Milan Bartovic wins face-off versus Michael Raffl in Knights zone.
10:10 of 2nd period - Wrist shot by Cody McLeod.
10:10 of 2nd period - Shot Misses the Net.
10:12 of 2nd period - Snap shot by Milan Bartovic.
10:12 of 2nd period - Goal by Milan Bartovic - Rafales : 1 - Knights : 3.
10:13 of 2nd period - Cody Bass wins face-off versus Mike Zigomanis in neutral zone.
10:16 of 2nd period - Snap shot by Michael Raffl.
10:16 of 2nd period - Stopped by Leland Irving without a rebound.
10:17 of 2nd period - Cody Bass wins face-off versus Mike Zigomanis in Rafales zone.
10:20 of 2nd period - Wrist shot by Cody Bass.
10:20 of 2nd period - Shot Misses the Net.
10:22 of 2nd period - Minor Penalty to Cody McLeod for Holding Stick.
10:23 of 2nd period - Mike Zigomanis wins face-off versus Cody Bass in Rafales zone.
10:57 of 2nd period - Marc-André Gragnani is hit by Scott Wilson and loses puck.
12:22 of 2nd period - Penalty to Cody McLeod is over, Cody McLeod is back on ice.
12:35 of 2nd period - Matt Puempel is hit by Dylan McIlrath and loses puck.
12:42 of 2nd period - Snap shot by Cody McLeod.
12:42 of 2nd period - Shot Misses the Net.
12:44 of 2nd period - Wrist shot by Cody McLeod.
12:44 of 2nd period - Shot Blocked by Zach Trotman.
12:46 of 2nd period - Slapshot by Carl Klingberg.
12:46 of 2nd period - Shot Misses the Net.
12:48 of 2nd period - Wrist shot by Cody McLeod.
12:48 of 2nd period - Stopped by Ben Scrivens with a rebound.
12:50 of 2nd period - Slapshot by Julian Melchiori.
12:50 of 2nd period - Shot Blocked by Jacob Trouba.
12:52 of 2nd period - Snap shot by Connor Murphy.
12:52 of 2nd period - Stopped by Ben Scrivens without a rebound.
12:53 of 2nd period - Jarret Stoll wins face-off versus Linden Vey in Knights zone.
12:54 of 2nd period - Snap shot by Michael Bournival.
12:54 of 2nd period - Stopped by Ben Scrivens with a rebound.
13:39 of 2nd period - Minor Penalty to Connor Murphy for Holding.
13:40 of 2nd period - Cody Bass wins face-off versus Mike Zigomanis in Rafales zone.
13:46 of 2nd period - Snap shot by Michael Raffl.
13:46 of 2nd period - Stopped by Leland Irving without a rebound.
13:47 of 2nd period - Mike Zigomanis wins face-off versus Cody Bass in Rafales zone.
14:02 of 2nd period - Wrist shot by Mike Zigomanis.
14:02 of 2nd period - Shot Misses the Net.
14:39 of 2nd period - Icing by Jimmy Hayes.
14:40 of 2nd period - Mike Zigomanis wins face-off versus Cody Bass in Knights zone.
14:41 of 2nd period - Snap shot by Jarret Stoll.
14:41 of 2nd period - Shot Misses the Net.
15:03 of 2nd period - Snap shot by Noel Acciari.
15:03 of 2nd period - Stopped by Leland Irving without a rebound.
15:04 of 2nd period - Cody McLeod wins face-off versus Noel Acciari in Rafales zone.
15:37 of 2nd period - Minor Penalty to Noel Acciari for Hooking.
15:38 of 2nd period - Michael Raffl wins face-off versus Mike Zigomanis in Knights zone.
15:39 of 2nd period - Penalty to Connor Murphy is over, Connor Murphy is back on ice.
16:07 of 2nd period - Snap shot by Mike Zigomanis.
16:07 of 2nd period - Stopped by Ben Scrivens with a rebound.
16:37 of 2nd period - Slapshot by Jarret Stoll.
16:37 of 2nd period - Shot Blocked by Cody Bass.
16:39 of 2nd period - Snap shot by Jarret Stoll.
16:39 of 2nd period - Goal by Jarret Stoll - Rafales : 2 - Knights : 3.
16:40 of 2nd period - Michael Raffl wins face-off versus Nathan Davis in neutral zone.
16:50 of 2nd period - Jared Spurgeon is hit by Dylan McIlrath and loses puck.
17:43 of 2nd period - Off-side.
17:44 of 2nd period - Jarret Stoll wins face-off versus Stefan Matteau in neutral zone.
18:09 of 2nd period - Zach Trotman is hit by Jarret Stoll.
18:13 of 2nd period - Wrist shot by Michael Bournival.
18:13 of 2nd period - Shot Misses the Net.
18:15 of 2nd period - Slapshot by Mark Fayne.
18:15 of 2nd period - Shot Misses the Net.
18:17 of 2nd period - Wrist shot by Jarret Stoll.
18:17 of 2nd period - Stopped by Ben Scrivens without a rebound.
18:18 of 2nd period - Mike Zigomanis wins face-off versus Jimmy Hayes in Knights zone.
18:19 of 2nd period - Wrist shot by Cody McLeod.
18:19 of 2nd period - Deflect By Mike Zigomanis.
18:19 of 2nd period - Shot Blocked by Tomas Kundratek.
18:19 of 2nd period - Puck is out of play.
18:20 of 2nd period - Cody Bass wins face-off versus Mike Zigomanis in Knights zone.
18:33 of 2nd period - Wrist shot by Milan Bartovic.
18:33 of 2nd period - Shot Misses the Net.
18:35 of 2nd period - Snap shot by Milan Bartovic.
18:35 of 2nd period - Stopped by Ben Scrivens with a rebound.
19:39 of 2nd period - Snap shot by Tom Wilson.
19:39 of 2nd period - Shot Misses the Net.
19:51 of 2nd period - Michael Raffl is hit by Mike Zigomanis and loses puck.
Goals for this period are 2 for Rafales vs 1 for Knights.
Shots for this period are 10 for Rafales vs 15 for Knights.
3rd period
0:01 of 3rd period - Cody Bass wins face-off versus Mike Zigomanis in neutral zone.
0:15 of 3rd period - Michael Raffl is hit by Marc-André Gragnani.
0:25 of 3rd period - Scott Wilson is hit by Mark Fayne and loses puck.
0:42 of 3rd period - Julian Melchiori is hit by Scott Wilson and loses puck.
0:53 of 3rd period - Stefan Matteau is hit by Julian Melchiori and loses puck.
1:14 of 3rd period - Backhand shot by Jimmy Hayes.
1:14 of 3rd period - Shot Blocked by Cody McLeod.
2:10 of 3rd period - Zach Trotman is hit by Connor Murphy and loses puck.
2:47 of 3rd period - Off-side.
2:48 of 3rd period - Brendan Gaunce wins face-off versus Nathan Davis in neutral zone.
2:55 of 3rd period - Slapshot by Tomas Kundratek.
2:55 of 3rd period - Shot Misses the Net.
2:57 of 3rd period - Slapshot by Tom Wilson.
2:57 of 3rd period - Shot Misses the Net.
2:59 of 3rd period - Slapshot by Tomas Kundratek.
2:59 of 3rd period - Shot Misses the Net.
3:01 of 3rd period - Slapshot by Matt Puempel.
3:01 of 3rd period - Stopped by Leland Irving with a rebound.
3:03 of 3rd period - Backhand shot by Matt Puempel.
3:03 of 3rd period - Shot Blocked by Carl Klingberg.
3:13 of 3rd period - Jimmy Hayes is hit by Cody McLeod.
3:23 of 3rd period - Snap shot by Mike Zigomanis.
3:23 of 3rd period - Stopped by Ben Scrivens with a rebound.
3:25 of 3rd period - Slapshot by Dylan McIlrath.
3:25 of 3rd period - Stopped by Ben Scrivens without a rebound.
3:26 of 3rd period - Tim Crowder wins face-off versus Noel Acciari in Knights zone.
3:41 of 3rd period - Kevin Hayes is hit by Michael Bournival and loses puck.
4:09 of 3rd period - Cody McLeod is hit by Jimmy Hayes and loses puck.
4:24 of 3rd period - Snap shot by Carl Klingberg.
4:24 of 3rd period - Stopped by Ben Scrivens without a rebound.
4:25 of 3rd period - Nathan Davis wins face-off versus Noel Acciari in Knights zone.
4:26 of 3rd period - Wrist shot by Brian Ferlin.
4:26 of 3rd period - Shot Blocked by Tomas Kundratek.
4:28 of 3rd period - Snap shot by Nathan Davis.
4:28 of 3rd period - Stopped by Ben Scrivens without a rebound.
4:29 of 3rd period - Mike Zigomanis wins face-off versus Noel Acciari in Knights zone.
4:32 of 3rd period - Wrist shot by Cody McLeod.
4:32 of 3rd period - Shot Misses the Net.
4:34 of 3rd period - Minor Penalty to Kevin Hayes for High sticking.
4:35 of 3rd period - Michael Raffl wins face-off versus Mike Zigomanis in Knights zone.
4:35 of 3rd period - Michael Raffl is hit by Cody McLeod.
4:48 of 3rd period - Off-side.
4:49 of 3rd period - Mike Zigomanis wins face-off versus Jimmy Hayes in neutral zone.
5:22 of 3rd period - Slapshot by Marc-André Gragnani.
5:22 of 3rd period - Shot Blocked by Jared Spurgeon.
5:24 of 3rd period - Slapshot by Marc-André Gragnani.
5:24 of 3rd period - Shot Misses the Net.
6:34 of 3rd period - Penalty to Kevin Hayes is over, Kevin Hayes is back on ice.
6:53 of 3rd period - Slapshot by Mark Fayne.
6:53 of 3rd period - Goal by Mark Fayne - Rafales : 3 - Knights : 3.
6:54 of 3rd period - Cody Bass wins face-off versus Mike Zigomanis in neutral zone.
7:05 of 3rd period - Jared Spurgeon is hit by Julian Melchiori and loses puck.
7:39 of 3rd period - Linden Vey is hit by Marc-André Gragnani and loses puck.
8:03 of 3rd period - Wrist shot by Chris Terry.
8:03 of 3rd period - Stopped by Ben Scrivens without a rebound.
8:04 of 3rd period - Cody Bass wins face-off versus Mike Zigomanis in Knights zone.
8:13 of 3rd period - Wrist shot by Cody McLeod.
8:13 of 3rd period - Shot Misses the Net.
8:35 of 3rd period - Wrist shot by Noel Acciari.
8:35 of 3rd period - Shot Blocked by Jarret Stoll.
8:37 of 3rd period - Slapshot by Zach Trotman.
8:37 of 3rd period - Shot Blocked by Tim Crowder.
8:39 of 3rd period - Slapshot by Noel Acciari.
8:39 of 3rd period - Shot Misses the Net.
8:41 of 3rd period - Slapshot by Zach Trotman.
8:41 of 3rd period - Shot Blocked by Dylan McIlrath.
9:03 of 3rd period - Icing by Jaccob Slavin.
9:04 of 3rd period - Mike Zigomanis wins face-off versus Stefan Matteau in Knights zone.
9:06 of 3rd period - Minor Penalty to Cody McLeod for Hooking.
9:07 of 3rd period - Mike Zigomanis wins face-off versus Cody Bass in Rafales zone.
9:32 of 3rd period - Mike Zigomanis is hit by Tomas Kundratek and loses puck.
11:06 of 3rd period - Penalty to Cody McLeod is over, Cody McLeod is back on ice.
11:57 of 3rd period - Cody McLeod is hit by Stefan Matteau and loses puck.
12:24 of 3rd period - Snap shot by Kevin Veilleux.
12:24 of 3rd period - Shot Misses the Net.
13:04 of 3rd period - Michael Raffl is hit by Carl Klingberg and loses puck.
13:25 of 3rd period - Jacob Trouba is hit by James Marcou and loses puck.
13:43 of 3rd period - Kevin Hayes is hit by Jarret Stoll and loses puck.
13:59 of 3rd period - Jacob Trouba is hit by Mark Fayne and loses puck.
14:22 of 3rd period - Snap shot by Noel Acciari.
14:22 of 3rd period - Shot Blocked by Carl Klingberg.
14:24 of 3rd period - Slapshot by Jacob Trouba.
14:24 of 3rd period - Shot Misses the Net.
14:50 of 3rd period - Zach Trotman is hit by Dylan McIlrath and loses puck.
14:57 of 3rd period - Chris Terry is hit by Michael Raffl and loses puck.
15:13 of 3rd period - Julian Melchiori is hit by Michael Raffl and loses puck.
15:30 of 3rd period - Jimmy Hayes is hit by James Marcou and loses puck.
15:35 of 3rd period - Slapshot by Kevin Veilleux.
15:35 of 3rd period - Shot Misses the Net.
15:46 of 3rd period - Slapshot by Cody Bass.
15:46 of 3rd period - Shot Misses the Net.
16:28 of 3rd period - Wrist shot by James Marcou.
16:28 of 3rd period - Stopped by Ben Scrivens without a rebound.
16:29 of 3rd period - Mike Zigomanis wins face-off versus Linden Vey in Knights zone.
16:34 of 3rd period - Wrist shot by Mike Zigomanis.
16:34 of 3rd period - Shot Blocked by Stefan Matteau.
16:36 of 3rd period - Slapshot by Julian Melchiori.
16:36 of 3rd period - Stopped by Ben Scrivens with a rebound.
16:55 of 3rd period - Snap shot by Tom Wilson.
16:55 of 3rd period - Stopped by Leland Irving without a rebound.
16:56 of 3rd period - Jarret Stoll wins face-off versus Brendan Gaunce in Rafales zone.
16:58 of 3rd period - Icing by Tim Crowder.
16:59 of 3rd period - Brendan Gaunce wins face-off versus Jarret Stoll in Rafales zone.
17:16 of 3rd period - Snap shot by Jared Spurgeon.
17:16 of 3rd period - Deflect By Brendan Gaunce.
17:16 of 3rd period - Stopped by Leland Irving with a rebound.
17:18 of 3rd period - Wrist shot by Jared Spurgeon.
17:18 of 3rd period - Shot Misses the Net.
17:20 of 3rd period - Wrist shot by Tom Wilson.
17:20 of 3rd period - Stopped by Leland Irving with a rebound.
17:22 of 3rd period - Slapshot by Tomas Kundratek.
17:22 of 3rd period - Shot Misses the Net.
17:24 of 3rd period - Wrist shot by Matt Puempel.
17:24 of 3rd period - Stopped by Leland Irving with a rebound.
17:26 of 3rd period - Slapshot by Jared Spurgeon.
17:26 of 3rd period - Stopped by Leland Irving without a rebound.
17:27 of 3rd period - Stefan Matteau wins face-off versus Nathan Davis in Rafales zone.
17:30 of 3rd period - Snap shot by Stefan Matteau.
17:30 of 3rd period - Shot Misses the Net.
17:54 of 3rd period - Scott Wilson is hit by Mike Zigomanis and loses puck.
Goals for this period are 1 for Rafales vs 0 for Knights.
Shots for this period are 8 for Rafales vs 6 for Knights.
Overtime #1
0:01 of 1st overtime period - Michael Raffl wins face-off versus Mike Zigomanis in neutral zone.
0:08 of 1st overtime period - Snap shot by Jimmy Hayes.
0:08 of 1st overtime period - Stopped by Leland Irving without a rebound.
0:09 of 1st overtime period - Jarret Stoll wins face-off versus Michael Raffl in Rafales zone.
0:20 of 1st overtime period - Slapshot by Jared Spurgeon.
0:20 of 1st overtime period - Shot Blocked by Mark Fayne.
0:22 of 1st overtime period - Snap shot by Jimmy Hayes.
0:22 of 1st overtime period - Stopped by Leland Irving without a rebound.
0:23 of 1st overtime period - Mike Zigomanis wins face-off versus Michael Raffl in Rafales zone.
0:33 of 1st overtime period - Slapshot by Jared Spurgeon.
0:33 of 1st overtime period - Shot Misses the Net.
0:35 of 1st overtime period - Slapshot by Tomas Kundratek.
0:35 of 1st overtime period - Stopped by Leland Irving with a rebound.
1:29 of 1st overtime period - Jarret Stoll is hit by Zach Trotman and loses puck.
1:41 of 1st overtime period - Off-side.
1:42 of 1st overtime period - Petr Kalus wins face-off versus Tom Wilson in neutral zone.
2:39 of 1st overtime period - Slapshot by Mark Fayne.
2:39 of 1st overtime period - Stopped by Ben Scrivens with a rebound.
2:51 of 1st overtime period - Kevin Hayes is hit by Mike Zigomanis and loses puck.
3:48 of 1st overtime period - Slapshot by Cody McLeod.
3:48 of 1st overtime period - Stopped by Ben Scrivens with a rebound.
3:50 of 1st overtime period - Wrist shot by Connor Murphy.
3:50 of 1st overtime period - Shot Blocked by Collin Miller.
4:12 of 1st overtime period - Collin Miller is hit by Marc-André Gragnani and loses puck.
4:36 of 1st overtime period - Cody McLeod is hit by Tomas Kundratek and loses puck.
Goals for this period are 0 for Rafales vs 0 for Knights.
Shots for this period are 2 for Rafales vs 3 for Knights.
ShootOut
5:00 of 1st overtime period - Penalty Shot by Mike Zigomanis for Rafales.
5:00 of 1st overtime period - Snap shot by Mike Zigomanis.
5:00 of 1st overtime period - Goal by Mike Zigomanis.
5:00 of 1st overtime period - Penalty Shot by Michael Raffl for Knights.
5:00 of 1st overtime period - Snap shot by Michael Raffl.
5:00 of 1st overtime period - Shot Misses the Net.
5:00 of 1st overtime period - Penalty Shot by Jarret Stoll for Rafales.
5:00 of 1st overtime period - Wrist shot by Jarret Stoll.
5:00 of 1st overtime period - Goal by Jarret Stoll.
5:00 of 1st overtime period - Penalty Shot by Jimmy Hayes for Knights.
5:00 of 1st overtime period - Snap shot by Jimmy Hayes.
5:00 of 1st overtime period - Stopped by Leland Irving.
Back to the Top